 Dungeon Crawl Stone Soup version 0.29-a0-314-gb00dd7cb4b (webtiles) character file.

Game seed: 12956443757531974851

615627 Dabor the Pyromancer (level 27, -4/266 HPs)
             Began as an Octopode Fire Elementalist on Mar 27, 2022.
             Was the Champion of Vehumet.
             Killed by a royal mummy's death curse (23 damage)
             ... on level 3 of the Tomb of the Ancients on Mar 29, 2022.
             The game lasted 08:19:27 (105207 turns).

Dabor the Pyromancer (Octopode Fire Elementalist) Turns: 105207, Time: 08:19:27

Health: -4/266     AC: 41    Str:  6    XL:     27
Magic:  63/63      EV: 19    Int: 57    God:    Vehumet [******]
Gold:   5831       SH: 17    Dex: 13    Spells: 4/63 levels left

rFire   + + +      SeeInvis .   N - +4 dagger "Morg" {pain, Will+ Int+5}
rCold   x . .      Faith    .   B - +5 kite shield {reflect}
rNeg    + + +      Spirit   .   v - +2 hood of the Assassin {Detection Stab+ Stlth++}
rPois   ∞          Reflect  +   O - amulet of magic regeneration
rElec   +          Harm     .   G - ring of Mop Ymergh {Will++ MP+9}
rCorr   .          Rampage  .   r - +6 ring of intelligence
Will    ++++.                   F - ring of the Falcon {rN+ Will+}
Stlth   +++++++++.              d - +6 ring of intelligence
HPRegen 1.34/turn               p - ring of Hessu {Will+ AC+4 Str-4 Stlth+}
MPRegen 0.78/turn               t - ring "Uguurpha" {Fly rF++ rC- Int+4}
                                H - ring "Nirgh" {MP+9 Stlth+}
                                M - ring of Qah Kotz {rElec rF+ rN+ Int+8 Slay-4}

@: brilliant, statue-form, weak-willed, marked, flying, hasted and slowed,
studying Throwing, invisible, very slow
A: slow and powerful, torment resistance 1, boosted hp, almost no armour,
amphibious, 8 rings, camouflage 1, (gelatinous body 1), (nimble swimmer 1),
tentacles, tentacle spike 1, strong-willed 1, regeneration 1, robust 1
}: 4/15 runes: decaying, serpentine, slimy, silver
a: End Transformation, Renounce Religion


You were on level 3 of the Tomb of the Ancients.
You worshipped Vehumet.
Vehumet was exalted by your worship.
You were a living statue of rough stone.
You visited 12 branches of the dungeon, and saw 55 of its levels.
You visited the Abyss 4 times.
You also visited: Trove and Desolation.

You collected 10114 gold pieces.
You spent 4283 gold pieces at shops.

Inventory:

Hand Weapons
 N - the +4 dagger "Morg" (weapon) {pain, Will+ Int+5}
   (You found it on level 6 of the Lair of Beasts)

   In the hands of one skilled in necromantic magic, it inflicts extra damage on
   living creatures.
   Int:       It affects your intelligence (+5).
   Will:      It increases your willpower.
Armour
 v - the +2 hood of the Assassin (worn) {Detection Stab+ Stlth++}
   (You acquired it on level 5 of the Vaults)

   It allows the wearer to sense nearby creatures.
   It allows the wearer to make particularly effective stabbing attacks against
   helpless or unaware enemies with any weapon.
   Stlth:     It makes you much more stealthy.
 B - a +5 kite shield of reflection (worn)
 P - a +2 tower shield of protection
Magical Staves
 f - a staff of fire
 j - a staff of conjuration
Jewellery
 c - a ring of see invisible
 d - a +6 ring of intelligence (on tentacle)
 e - a ring of magical power
 o - the ring "Zopn" {rC+ rN+}
   (You found it on level 3 of the Crypt)

   [ring of positive energy]

   rC:        It protects you from cold.
   rN:        It protects you from negative energy.
 p - the ring of Hessu (on tentacle) {Will+ AC+4 Str-4 Stlth+}
   (You took it off a hobgoblin on level 3 of the Dungeon)

   [ring of protection]

   AC:        It affects your AC (+4).
   Str:       It affects your strength (-4).
   Will:      It increases your willpower.
   Stlth:     It makes you more stealthy.
 r - a +6 ring of intelligence (right tentacle)
 t - the ring "Uguurpha" (on tentacle) {Fly rF++ rC- Int+4}
   (You bought it in a shop on level 3 of the Depths)

   [ring of flight]

   Int:       It affects your intelligence (+4).
   rF:        It greatly protects you from fire.
   rC:        It makes you vulnerable to cold.
   Fly:       It grants you flight.
 x - the ring "Nugaz" {Fly rPois Will+ Int-3}
   (You found it in a treasure trove)

   [ring of flight]

   Int:       It affects your intelligence (-3).
   rPois:     It protects you from poison.
   Fly:       It grants you flight.
   Will:      It increases your willpower.
 y - the ring of Caebeiq {rPois rC+ rCorr Dex+3}
   (You found it in a treasure trove)

   [ring of poison resistance]

   Dex:       It affects your dexterity (+3).
   rC:        It protects you from cold.
   rPois:     It protects you from poison.
   rCorr:     It protects you from acid and corrosion.
 F - the ring of the Falcon (on tentacle) {rN+ Will+}
   (You bought it in a shop on level 2 of the Orcish Mines)

   [ring of willpower]

   rN:        It protects you from negative energy.
   Will:      It increases your willpower.
 G - the ring of Mop Ymergh (left tentacle) {Will++ MP+9}
   (You found it in a treasure trove)

   [ring of magical power]

   MP:        It affects your magic capacity (+9).
   Will:      It greatly increases your willpower.
 H - the ring "Nirgh" (on tentacle) {MP+9 Stlth+}
   (You found it on level 2 of the Elven Halls)

   [ring of magical power]

   MP:        It affects your magic capacity (+9).
   Stlth:     It makes you more stealthy.
 J - the amulet "Moufuam" {Will+ Regen+ Str+2 SInv}
   (You acquired it on level 3 of the Depths)

   [amulet of regeneration]

   Str:       It affects your strength (+2).
   SInv:      It lets you see invisible.
   Regen:     It increases your rate of health regeneration.
   Will:      It increases your willpower.
 M - the ring of Qah Kotz (on tentacle) {rElec rF+ rN+ Int+8 Slay-4}
   (You found it on level 6 of the Lair of Beasts)

   [ring of protection from fire]

   Int:       It affects your intelligence (+8).
   Slay:      It affects your accuracy & damage with ranged weapons and melee
   (-4).
   rF:        It protects you from fire.
   rElec:     It insulates you from electricity.
   rN:        It protects you from negative energy.
 O - an amulet of magic regeneration (around mantle)
Wands
 h - a wand of acid (2)
 k - a wand of charming (41)
 m - a wand of flame (52)
 n - a wand of polymorph (26)
 A - a wand of iceblast (26)
 X - a wand of digging (8)
Scrolls
 q - 6 scrolls of amnesia
 s - 9 scrolls of magic mapping
 u - 6 scrolls of holy word
 z - 7 scrolls of fear
 R - a scroll of enchant weapon
 S - 4 scrolls of blinking
 W - a scroll of enchant armour
 Y - 11 scrolls of fog
 Z - 12 scrolls of teleportation
Potions
 a - a potion of magic
 g - 2 potions of resistance
 w - 9 potions of flight
 D - 5 potions of mutation
 E - 21 potions of curing
 I - 2 potions of ambrosia
 L - 5 potions of haste
 T - 4 potions of cancellation
 U - 2 potions of brilliance
 V - a potion of heal wounds
Miscellaneous
 b - a box of beasts
 i - a phial of floods
 l - a phantom mirror
 C - a condenser vane (inert)
 K - a lightning rod (4/4)


   Skills:
 + Level 15.2 Fighting
 + Level 17.5 Dodging
 - Level 10.4 Stealth
 - Level 12.0 Shields
 - Level 18.5 Spellcasting
 - Level 19.9 Conjurations
 - Level 6.0 Summonings
 - Level 4.0 Necromancy
 - Level 10.0 Transmutations
 - Level 21.5 Fire Magic
 - Level 9.0 Ice Magic
 - Level 9.0 Air Magic
 - Level 10.0 Earth Magic
 - Level 7.7 Poison Magic
 + Level 17.9 Evocations


You had 4 spell levels left.
You knew the following spells:

 Your Spells              Type           Power      Damage    Failure   Level
a - Foxfire               Conj/Fire      100%       2x1d9     0%          1
b - Fire Storm            Conj/Fire      81%        8d21      2%          9
c - Spellforged Servitor  Conj/Summ      70%        N/A       1%          7
d - Swiftness             Air            100%       N/A       1%          3
e - Borgnjor's Vile Clut  Necr/Erth      57%        N/A       1%          5
f - Orb of Destruction    Conj           80%        9d18      1%          7
g - Freezing Cloud        Conj/Ice/Air   69%        6-21      1%          5
h - Passage of Golubria   Tloc           68%        N/A       4%          4
i - Iron Shot             Conj/Erth      73%        9d13      1%          6
j - Starburst             Conj/Fire      81%        6d21      0%          6
k - Statue Form           Tmut/Erth      86%        N/A       1%          6

Your spell library contained the following spells:

 Spells                   Type           Power      Damage    Failure   Level
 Shatter                  Erth           64%        3d48*     86%         9
 Polar Vortex             Ice            62%        N/A       94%         9
 Beastly Appendage        Tmut           100%       N/A       0%          1
 Magic Dart               Conj           100%       1d8       0%          1
 Sting                    Tmut/Pois      100%       1d8       0%          1
 Passwall                 Tmut/Erth      100%       N/A       0%          2
 Poisonous Vapours        Pois/Air       100%       N/A       0%          2
 Scorch                   Fire           100%       2d10      0%          2
 Searing Ray              Conj           100%       2d8       0%          2
 Static Discharge         Conj/Air       100%       N/A       0%          2
 Conjure Flame            Conj/Fire      100%       6-21      0%          3
 Dazzling Flash           Conj/Hex       100%       N/A       0%          3
 Ignite Poison            Fire/Tmut/Pois 100%       N/A       0%          3
 Inner Flame              Hex/Fire       100%       N/A       0%          3
 Mephitic Cloud           Conj/Pois/Air  100%       N/A       0%          3
 Stone Arrow              Conj/Erth      100%       3d13      0%          3
 Flame Wave               Conj/Fire      100%       2d17      0%          4
 Hailstorm                Conj/Ice       100%       3d20      0%          4
 Sticky Flame             Conj/Fire      100%       2d11      0%          4
 Animate Skeleton         Necr           100%       N/A       1%          1
 Apportation              Tloc           100%       N/A       1%          1
 Pain                     Necr           100%       1d9       1%          1
 Slow                     Hex            100%       N/A       1%          1
 Summon Small Mammal      Summ           100%       N/A       1%          1
 Blink                    Tloc           100%       N/A       1%          2
 Call Imp                 Summ           100%       N/A       1%          2
 Corpse Rot               Necr/Air       100%       N/A       1%          2
 Ensorcelled Hibernation  Hex/Ice        100%       N/A       1%          2
 Call Canine Familiar     Summ           100%       N/A       1%          3
 Confusing Touch          Hex            68%        N/A       1%          3
 Gell's Gravitas          Tloc           68%        N/A       1%          3
 Lesser Beckoning         Tloc           68%        N/A       1%          3
 Ozocubu's Armour         Ice            100%       N/A       1%          3
 Summon Guardian Golem    Hex/Summ       92%        N/A       1%          3
 Teleport Other           Tloc           68%        N/A       1%          3
 Vampiric Draining        Necr           99%        2d13      1%          3
 Airstrike                Air            62%        N/A       1%          4
 Dispel Undead            Necr           99%        3d31      1%          4
 Fulminant Prism          Conj/Hex       64%        3d27      1%          4
 Ice Form                 Ice/Tmut       100%       N/A       1%          4
 Iskenderun's Mystic Bla  Conj/Tloc      100%       2d19      1%          4
 Leda's Liquefaction      Hex/Erth       52%        N/A       1%          4
 Olgreb's Toxic Radiance  Pois           100%       N/A       1%          4
 Summon Ice Beast         Ice/Summ       100%       N/A       1%          4
 Summon Lightning Spire   Summ/Air       100%       N/A       1%          4
 Cause Fear               Hex            34%        N/A       4%          4
 Fireball                 Conj/Fire      81%        3d30      0%          5
 Iskenderun's Battlesphe  Conj           100%       2d15      0%          5
 Blade Hands              Tmut           64%        N/A       1%          5
 Irradiate                Conj/Tmut      73%        3d37      1%          5
 Lee's Rapid Deconstruct  Erth           64%        3d30*     1%          5
 Lightning Bolt           Conj/Air       72%        1d98      1%          5
 Metabolic Englaciation   Hex/Ice        51%        N/A       1%          5
 Silence                  Hex/Air        51%        N/A       1%          5
 Eringya's Noxious Bog    Tmut/Pois      62%        N/A       1%          6
 Ignition                 Fire           82%        3d21      1%          8
 Lehudib's Crystal Spear  Conj/Erth      73%        10d17     1%          8
 Ozocubu's Refrigeration  Ice            62%        4d17      2%          7
 Summon Forest            Summ/Tloc      46%        N/A       3%          5
 Simulacrum               Ice/Necr       56%        N/A       4%          6
 Summon Cactus Giant      Summ           55%        N/A       6%          6
 Dragon Form              Tmut           64%        N/A       7%          7
 Storm Form               Tmut/Air       63%        N/A       9%          7
 Manifold Assault         Tloc           68%        N/A       13%         5
 Maxwell's Capacitive Co  Air            62%        ∞         21%         8
 Chain Lightning          Conj/Air       72%        3d96      30%         9
 Summon Hydra             Summ           55%        N/A       34%         7
 Dispersal                Tloc           34%        N/A       58%         6
 Malign Gateway           Summ/Tloc      46%        N/A       75%         7
 Infestation              Necr           49%        N/A       99%         8
 Discord                  Hex            34%        N/A       100%        8
 Dragon's Call            Summ           55%        N/A       100%        9
 Animate Armour           Summ/Erth      Unusable   N/A       N/A         4

Dungeon Overview and Level Annotations

Branches:
Dungeon (15/15)            Temple (1/1) D:4            Lair (6/6) D:8
  Swamp (4/4) Lair:2        Snake (4/4) Lair:3        Slime (5/5) Lair:6
    Orc (2/2) D:11            Elf (3/3) Orc:2        Vaults (5/5) D:14
  Crypt (3/3) Vaults:3       Tomb (3/3) Crypt:3      Depths (4/4) D:15
    Zot (0/5) Depths:4    Desolation (visited)

Altars:
Ashenzari
Cheibriados
Dithmenos
Elyvilon
Fedhas
Gozag
Hepliaklqana
Kikubaaqudgha
Makhleb
Nemelex Xobeh
Okawaru
Qazlal
Ru
Sif Muna
Trog
Uskayaw
Vehumet
Wu Jian
Xom
Yredelemnul
Zin
The Shining One
Beogh
Lugonu

Shops:
D:14 *   Orc:1 =[   Orc:2 *:*=(   Elf:1 *   Vaults:2 (   Depths:3 :==
Depths:4 [

Portals:
Hell: Depths:1 Depths:2 Depths:3 Depths:4
Abyss: Depths:3 Depths:4
Pandemonium: Depths:2
Ziggurat: Depths:1


Innate Abilities, Weirdness & Mutations

You are a living statue of rough stone.
Your actions are slow, but your melee attacks are powerful.
You are resistant to unholy torment.
Your maximum health is greatly increased.
You are immune to poison.
You cannot wear most types of armour.
You are amphibious.
You can wear up to eight rings at the same time.
Your skin changes colour to match your surroundings (Stealth+).
((Your rubbery body absorbs attacks. (AC +1, EV +1)))
((You are camouflaged when in or above water. (Stealth+)))
You have tentacles for arms and can constrict up to eight enemies at once.
One of your tentacles bears a spike.
You are strong-willed. (Will+)
Your natural rate of healing is unusually fast.
You are robust. (+10% HP)


Message History

Confirm with . or Enter, or press ? or * to list all spells.
Aiming: Fire Storm (dangerous; 2% risk of failure)
Press: ? - help, Dir - move target You feel a surge of power!
A raging storm of fire appears!
The great blast of fire engulfs the royal mummy!!!
The royal mummy is almost destroyed.
The great blast of fire engulfs the royal mummy!!!
The royal mummy is almost destroyed.
Something bites your fire vortex! x2
Something drains your fire vortex's vigour!
Your fire vortex seems to slow down.
Something bites your fire vortex.
Something drains your fire vortex's vigour!
Your fire vortex seems to slow down.
Something bites your fire vortex!!
Your fire vortex dissipates!
Your fire vortex is engulfed in acidic fog.
The acid corrodes your fire vortex!
Your fire vortex barely misses the royal mummy.
Your fire vortex is engulfed in acidic fog.
The acid corrodes your fire vortex!
Your fire vortex barely misses the royal mummy.
Your fire vortex is engulfed in acidic fog. x2
The acid corrodes your fire vortex!
Your fire vortex is engulfed in acidic fog.
The acid corrodes your fire vortex!
Your fire vortex is engulfed in acidic fog.
The acid corrodes your fire vortex!
Your fire vortex is engulfed in acidic fog.
The acid corrodes your fire vortex!
Something barely misses your fire vortex.
The royal mummy is engulfed in acidic fog.
The royal mummy seems to be corroded for longer.
You destroy the royal mummy!
Vehumet accepts your kill.
You feel your power returning.
The death scarab disappears in a puff of smoke!
You feel extremely nervous for a moment...
Pain shoots through your body!!
You die...

########
#..§§§8#
#v°§v§§#
#°☼vv§v#
#°○Mv§§#
#○○v§§§#
#§§§§§§#
.'§§§§§§v
..#§§v§§v#
. #)†..††#


You could see a royal mummy (corroded) and 10 friendly fire vortices.

Vanquished Creatures
  An ancient lich (Vaults:5)
  Mennas (Crypt:1)
  23 royal mummies
  Josephina (Crypt:1)
  Bai Suzhen (Vaults:5)
  4 caustic shrikes (Depths:3)
  Vashnia (Snake:3)
  Margery (Vaults:3)
  Jory (Vaults:5)
  3 golden dragons
  3 bone dragons
  A shard shrike zombie (Crypt:1)
  Zenata (Elf:3)
  2 tentacled monstrosities
  A hellephant (Abyss:2)
  A shard shrike skeleton (Crypt:3)
  8 liches
  2 walking crystal tomes (Depths:3)
  A deep elf blademaster (Elf:3)
  2 deep elf master archers (Elf:3)
  A titan (Vaults:4)
  20 acid blobs
  A quicksilver dragon (Vaults:5)
  9 sphinxes
  17 tentacled starspawn
  5 ancient champions
  4 thorn hunters
  2 storm dragons
  4 tengu reavers
  5 shadow dragons
  Gastronok (Orc:1)
  A fenstrider witch (Swamp:2)
  5 revenants
  9 azure jellies
  8 nagarajas
  3 fire giants
  3 rockslimes (Slime:5)
  7 frost giants
  2 cacodemons
  9 ghouls
  An iron dragon (Depths:2)
  9 vault wardens
  3 orc warlords
  Louise (Swamp:3)
  9 deep elf sorcerers
  3 deep elf elementalists (Elf:3)
  A caustic shrike zombie (Tomb:2)
  3 curse skulls
  2 draconian shifters (Depths:4)
  7 quicksilver oozes
  The ghost of Veireas the Peltast, a journeyman GrGl of Okawaru (Swamp:2)
  11 ironbound preservers
  10 very ugly things
  9 stone giants
  A war gargoyle (Vaults:4)
  5 ironbound thunderhulks
  2 green draconians (Depths:4)
  4 vampire knights
  5 bunyips
  2 black draconians (Depths:4)
  3 lorocyprocas
  4 eleionomae
  6 bennus (Tomb:3)
  A deep elf annihilator (Elf:3)
  4 deep elf demonologists (Elf:3)
  4 entropy weavers
  A yellow draconian (Depths:4)
  A white draconian (Depths:4)
  14 dire elephants
  4 spark wasps
  10 deep elf death magi
  12 mummy priests
  The ghost of Cyateurch the Geomancer, a journeyman GrEE of Qazlal (D:14)
  6 ettins
  A blizzard demon (Abyss:2)
  An eidolon (Crypt:2)
  5 jiangshi
  A crystal guardian (Vaults:4)
  6 deep elf high priests
  3 fire dragons
  15 yaktaur captains
  A shambling mangrove (Swamp:4)
  4 boulder beetles
  11 naga warriors
  7 great orbs of eyes
  A hell beast (Depths:3)
  6 ragged hierophants (Desolation)
  2 servants of whispers (Desolation)
  36 hydras
  A quicksilver dragon skeleton (Crypt:2)
  A spriggan zombie (Crypt:2)
  A fenstrider witch skeleton (Crypt:3)
  25 vault guards
  3 ice dragons
  A salamander tyrant (Snake:1)
  4 spriggan air magi
  5 peacekeepers
  5 ogre magi
  3 spriggan skeletons
  4 centaur warriors
  A ghost crab (Swamp:3)
  5 ironbound frosthearts
  3 catoblepae
  5 rakshasas
  6 two-headed ogres
  The ghost of TryExcept the Fighter, a novice DgFi (D:8)
  Erica (Lair:1)
  5 anacondas
  3 death yaks
  10 dancing weapons
  2 death knights (Crypt:2)
  5 tengu warriors
  7 alligators
  76 death scarabs
  7 deep troll earth magi
  A deep troll shaman (Depths:3)
  4 vampire magi
  3 orc high priests (Orc:2)
  8 naga sharpshooters
  A hell hog (Abyss:3)
  8 thrashing horrors
  3 shock serpents
  Sonja (D:10)
  2 soul eaters
  5 spriggan berserkers
  A storm dragon zombie (Crypt:2)
  24 deep elf knights
  A shadow wraith (D:14)
  5 wretched stars
  50 skeletal warriors
  2 hell knights (Vaults:3)
  3 spriggan druids
  4 iron trolls
  3 titan skeletons
  Lodul (D:10)
  2 anaconda zombies
  A glowing orange brain (Depths:3)
  2 death drakes (Swamp:2)
  10 goliath frogs
  15 bog bodies
  5 salamander mystics
  2 flayed ghosts (Crypt:2)
  An iron giant skeleton (Crypt:3)
  2 lindwurms (Vaults:4)
  4 phantasmal warriors
  The ghost of kutty the Slicer, a novice KoBr of Ashenzari (D:7)
  44 deep trolls
  13 deep elf archers
  5 wizards
  7 swamp dragons
  2 naga ritualists
  14 ironbound convokers
  An iron dragon zombie (Crypt:3)
  30 deep elf pyromancers
  10 orc sorcerers
  33 deep elf zephyrmancers
  22 ugly things
  A shadow dragon skeleton (Crypt:3)
  10 harpies
  A nameless horror (Snake:1)
  14 orc knights
  A golden dragon skeleton (Crypt:1)
  3 necromancers
  4 shining eyes
  A stone giant zombie (Crypt:2)
  A manticore (shapeshifter) (Vaults:4)
  9 mana vipers
  19 salamanders
  4 will-o-the-wisps
  A shadow dragon zombie (Crypt:3)
  5 manticores
  3 worldbinders
  A fire giant skeleton (Crypt:2)
  9 elephants
  A guardian serpent (shapeshifter) (Vaults:5)
  9 guardian serpents
  A stone giant skeleton (Vaults:4)
  2 centaur zombies (Crypt:2)
  A torpor snail (Lair:6)
  A rust devil (Depths:2)
  2 eyes of devastation
  10 naga magi
  Maurice (Orc:2)
  16 vault sentinels
  Joseph (D:9)
  A centaur skeleton (Crypt:3)
  6 gargoyles
  A cane toad (shapeshifter) (D:15)
  31 black mambas
  A storm dragon simulacrum (Crypt:1)
  27 cane toads
  10 smoke demons
  An unseen horror (shapeshifter) (Vaults:5)
  An alligator snapping turtle skeleton (Crypt:3)
  21 yaktaurs
  3 kobold demonologists
  10 komodo dragons
  A rime drake (Lair:2)
  A yaktaur zombie (Vaults:4)
  4 unseen horrors
  A bunyip simulacrum (Tomb:1)
  3 efreet
  A yaktaur skeleton (Vaults:4)
  4 tengu conjurers
  3 ancient zymes
  A hellwing (Abyss:2)
  2 harpy zombies
  4 freezing wraiths
  29 guardian mummies
  2 red devils (Crypt:3)
  A polar bear (shapeshifter) (D:12)
  4 polar bears
  Grinder (D:4)
  15 tyrant leeches
  A bloated husk (Swamp:1)
  A meliai (D:14)
  82 slime creatures
  A jumping spider zombie (Crypt:2)
  6 trolls
  A hornet (shapeshifter) (D:14)
  9 hornets
  A slime creature (shapeshifter) (Vaults:4)
  12 raiju
  27 saltlings (Desolation)
  2 harpy skeletons (Crypt:2)
  32 blink frogs
  2 ettin zombies
  2 dream sheep (Lair:6)
  A blink frog (shapeshifter) (D:13)
  A culicivora (Vaults:2)
  A culicivora (shapeshifter) (Vaults:1)
  17 flying skulls
  6 spriggans
  An air elemental (Elf:2)
  9 wyverns
  An ettin skeleton (Crypt:3)
  7 ynoxinuls
  2 water elementals
  4 shadows
  7 ushabtiu
  46 yaks
  3 fire elementals
  11 wraiths
  26 golden eyes
  A naga simulacrum (Crypt:2)
  12 vampire mosquitoes
  A basilisk (Lair:1)
  2 chaos spawn
  2 neqoxecs
  A redback (Vaults:2)
  Grum (D:8)
  4 spatial vortices (Abyss:3)
  12 swamp worms
  3 wargs
  A swamp worm (shapeshifter) (Vaults:5)
  A water nymph zombie (Crypt:1)
  25 nagas
  21 water moccasins
  A floating eye (Depths:2)
  4 hell hounds
  13 swamp drakes
  24 orc warriors
  4 black bears
  12 large abominations
  A torpor snail zombie (Crypt:2)
  7 centaurs
  2 boggarts
  13 ogres
  4 wolves (D:8)
  A manticore skeleton (Crypt:1)
  A phantom (D:11)
  5 necrophages
  13 kobold brigands
  16 bullfrogs
  A scorpion (D:6)
  2 earth elementals (Elf:3)
  9 small abominations
  A cyclops skeleton (Crypt:1)
  14 wights
  A polar bear zombie (Crypt:2)
  5 killer bees (D:14)
  3 troll zombies (D:11)
  An electric eel (D:10)
  4 howler monkeys
  A lava snake (Snake:2)
  42 starcursed masses
  A hound (D:4)
  4 jellies
  27 orc priests
  An iron imp (Abyss:2)
  A human skeleton (Crypt:1)
  5 iguanas
  29 orc wizards
  A scorpion zombie (Crypt:2)
  A naga zombie (Crypt:2)
  4 ogre zombies
  38 mummies
  4 adders
  3 white imps
  2 ufetubi
  2 worms (D:3)
  2 dart slugs
  86 orcs
  7 bats
  9 endoplasms
  A giant cockroach (shapeshifter) (Vaults:5)
  4 giant cockroaches
  7 goblins
  6 hobgoblins
  5 quokkas
  10 ball pythons
  6 frilled lizards
  A goblin skeleton (D:11)
  2 goblin zombies (D:11)
  A hobgoblin skeleton (Crypt:1)
  2 hobgoblin zombies (D:11)
  15 kobolds
  An orc skeleton (D:11)
  13 orc zombies (D:11)
  11 rats
  10 briar patches (Swamp:3)
  A bush (Abyss:1)
  15 fire vortices
  7 starspawn tentacles
2262 creatures vanquished.

Vanquished Creatures (collateral kills)
  the Royal Jelly (Slime:5)
  A juggernaut (Depths:2)
  The ghost of Amohu the Conqueror, a veteran MiBe of Trog (Depths:1)
  Parghit (Depths:4)
  4 royal mummies (Tomb:1)
  A caustic shrike (Depths:3)
  3 golden dragons
  3 bone dragons
  2 Hell Sentinels
  A tentacled monstrosity (Vaults:5)
  2 liches
  2 titans (Vaults:5)
  A deep elf blademaster (Elf:3)
  A sphinx (shapeshifter) (Vaults:5)
  4 acid blobs (Slime:5)
  4 tentacled starspawn
  An ancient champion (Crypt:1)
  3 storm dragons
  4 rockslimes
  A daeva (Abyss:2)
  6 nagarajas (Snake:4)
  2 fire giants
  A vault warden (Vaults:5)
  2 azure jellies
  2 frost giants
  3 deep elf sorcerers (Elf:3)
  A balrug (Depths:1)
  3 iron dragons
  A draconian stormcaller (Abyss:1)
  3 ghouls
  4 quicksilver oozes
  4 ironbound preservers
  8 very ugly things
  4 stone giants
  A war gargoyle (Vaults:4)
  A juggernaut skeleton (Depths:3)
  2 deep elf annihilators
  2 ironbound thunderhulks (Vaults:3)
  A deep elf demonologist (Elf:3)
  2 dire elephants (Vaults:1)
  A red draconian (Depths:4)
  A halazid warlock (Desolation)
  A dire elephant (shapeshifter) (Vaults:5)
  3 mummy priests
  A spark wasp (Depths:1)
  An ettin (Depths:2)
  3 crystal guardians
  A spriggan zombie (Abyss:3)
  2 deep elf high priests (Elf:3)
  A great orb of eyes (Vaults:3)
  8 fire dragons
  2 ragged hierophants (Desolation)
  A vault guard (Vaults:5)
  2 hydras (Depths:3)
  2 rakshasas (Abyss:2)
  A peacekeeper (Desolation)
  8 naga warriors
  An anaconda (Snake:2)
  A salamander tyrant (Snake:4)
  A spriggan skeleton (Abyss:2)
  4 death scarabs
  2 hell hogs (Abyss:3)
  A vampire mage (Abyss:3)
  11 dancing weapons
  6 thrashing horrors
  A storm dragon zombie (Crypt:1)
  3 shock serpents
  10 naga sharpshooters
  A shadow wraith (Crypt:2)
  4 hell knights
  2 deep elf knights
  A sun demon (Abyss:1)
  3 wretched stars
  An iron troll (D:14)
  A salamander mystic (Snake:2)
  4 sixfirhies
  3 naga ritualists
  10 starcursed masses
  A deep troll (Vaults:1)
  2 orb spiders (Abyss:3)
  A harpy (Vaults:4)
  3 orc knights
  4 deep elf archers
  A wizard (Abyss:5)
  A lindwurm (Vaults:2)
  A necromancer (Vaults:4)
  A phantasmal warrior (Abyss:2)
  6 deep elf pyromancers
  5 deep elf zephyrmancers
  14 salamanders
  An orc sorcerer (D:15)
  5 ugly things
  A sphinx skeleton (Depths:3)
  A manticore (D:14)
  10 black mambas
  2 vault sentinels
  An apocalypse crab (Abyss:2)
  7 guardian serpents
  3 naga magi
  A molten gargoyle (Desolation)
  9 smoke demons
  An orange demon (Abyss:2)
  A black draconian zombie (Crypt:2)
  An efreet (Abyss:5)
  A yaktaur (Vaults:2)
  4 ancient zymes
  2 guardian mummies (Tomb:1)
  A hellwing (Abyss:3)
  A queen bee (D:14)
  A green draconian skeleton (Crypt:1)
  A hornet (D:14)
  10 large abominations
  2 meliai (D:14)
  19 slime creatures
  10 raiju
  A wind drake (shapeshifter) (D:15)
  6 saltlings (Desolation)
  5 flying skulls
  A shadow (Abyss:3)
  A centaur simulacrum (D:14)
  3 ynoxinuls
  3 ushabtiu
  A wraith (Crypt:2)
  A dire elephant simulacrum (Crypt:1)
  4 neqoxecs
  A fire elemental (Elf:3)
  An orc simulacrum (Crypt:1)
  A golden eye (Abyss:4)
  A chaos spawn (Abyss:3)
  6 fire bats
  3 nameless horrors
  9 nagas
  6 hell hounds
  An orc warrior (Orc:1)
  A deep troll skeleton (Crypt:1)
  An ice beast (Abyss:1)
  3 boggarts (Vaults:3)
  A human zombie (Vaults:4)
  An earth elemental (Abyss:4)
  A naga simulacrum (Crypt:1)
  10 small abominations
  A killer bee (D:14)
  3 iron imps
  13 mummies
  A white imp (Abyss:2)
  4 ufetubi
  4 orcs (Orc:1)
  A starspawn tentacle (Abyss:4)
440 creatures vanquished.

Vanquished Creatures (others)
  A raiju (Abyss:5)
  3 golden eyes (Abyss:5)
  A large abomination (Abyss:5)
  A small abomination (Abyss:2)
  A bush (Abyss:5)
  A demonic plant (Abyss:5)
  610 fire vortices
  1201 foxfires
  66 fungi
  2 lurking horrors (Abyss:4)
  157 plants
  29 starspawn tentacles
  48 withered plants (Crypt:3)
2121 creatures vanquished.

Grand Total: 4823 creatures vanquished

Notes
Turn   | Place    | Note
-------+----------+-------------------------------------------
     0 | D:1      | Dabor the Octopode Fire Elementalist began the quest for
                  | the Orb.
     0 | D:1      | Reached XP level 1. HP: 11/11 MP: 3/3
   310 | D:1      | Reached XP level 2. HP: 17/17 MP: 1/5
  1321 | D:1      | Reached XP level 3. HP: 21/21 MP: 6/6
  1398 | D:1      | Learned a level 2 spell: Scorch
  2582 | D:2      | Learned a level 3 spell: Conjure Flame
  2662 | D:2      | Reached XP level 4. HP: 3/27 MP: 7/7
  2995 | D:2      | Reached skill level 4 in Fire Magic
  3227 | D:2      | Found a faded altar of an unknown god.
  3652 | D:3      | Found a hide-covered altar of Uskayaw.
  3829 | D:3      | Reached XP level 5. HP: 31/31 MP: 9/9
  4743 | D:3      | Reached XP level 6. HP: 29/36 MP: 10/10
  4748 | D:3      | Reached skill level 5 in Fire Magic
  4912 | D:3      | Identified the ring of Hessu {Will+ AC+4 Str-4 Stlth+}
  5323 | D:4      | Noticed a black bear
  5326 | D:4      | Killed a black bear
  5514 | D:4      | Found a staircase to the Ecumenical Temple.
  5578 | D:4      | Noticed Grinder
  5589 | D:4      | Noticed a wyvern
  5593 | D:4      | Killed a wyvern
  5594 | D:4      | Reached XP level 7. HP: 41/41 MP: 9/12
  5598 | D:4      | Killed Grinder
  5599 | D:4      | Reached skill level 6 in Fire Magic
  5799 | Temple   | Entered the Ecumenical Temple
  6058 | Temple   | Became a worshipper of Vehumet
  6680 | D:5      | Entered Level 5 of the Dungeon
  6994 | D:5      | Reached XP level 8. HP: 46/46 MP: 10/14
  7356 | D:5      | Reached skill level 7 in Fire Magic
  7964 | D:6      | Reached skill level 5 in Dodging
  8185 | D:6      | Reached skill level 5 in Spellcasting
  8185 | D:6      | Reached * piety under Vehumet
  8185 | D:6      | Offered knowledge of Sandblast by Vehumet.
  8186 | D:6      | Reached skill level 8 in Fire Magic
  8396 | D:6      | Learned a level 4 spell: Flame Wave
  8736 | D:7      | Found a runed translucent gate.
  8970 | D:7      | Reached XP level 9. HP: 30/51 MP: 7/17
  9249 | D:7      | Reached skill level 9 in Fire Magic
  9606 | D:7      | Got Afui's Compendium of the Traveller
  9664 | D:7      | Found a runed translucent gate.
  9664 | D:7      | Found a runed translucent gate.
  9665 | D:7      | Noticed a kobold demonologist
  9665 | D:7      | Noticed kutty's ghost (novice KoBr)
  9815 | D:7      | Noticed a gargoyle
  9904 | D:7      | Killed a gargoyle
 10903 | D:8      | Found a staircase to the Lair.
 10925 | D:8      | Found a transporter.
 11131 | D:8      | Noticed a troll
 11131 | D:8      | Noticed a troll
 11133 | D:8      | Noticed TryExcept's ghost (novice DgFi)
 11403 | D:8      | Found a transporter.
 11531 | D:8      | Noticed Grum
 11549 | D:8      | Reached skill level 10 in Fire Magic
 11853 | D:8      | Reached XP level 10. HP: 56/56 MP: 19/19
 11854 | D:8      | Offered knowledge of Static Discharge by Vehumet.
 11858 | D:8      | Reached ** piety under Vehumet
 12060 | D:8      | Killed Grum
 12744 | D:9      | Noticed an eight-headed hydra
 12756 | D:9      | Killed an eight-headed hydra
 12757 | D:9      | Reached skill level 11 in Fire Magic
 13097 | D:9      | Noticed Joseph
 13098 | D:9      | Identified the +0 pair of boots of Botru {Fly Regen+ Str-5
                  | SInv}
 13112 | D:9      | Killed Joseph
 14205 | D:10     | Entered Level 10 of the Dungeon
 14213 | D:10     | Offered knowledge of Poisonous Vapours by Vehumet.
 14739 | D:10     | Reached skill level 12 in Fire Magic
 14739 | D:10     | Reached XP level 11. HP: 35/61 MP: 10/22
 14988 | D:10     | Noticed Sonja
 15000 | D:10     | Killed Sonja
 15223 | D:10     | Noticed a two-headed ogre
 15224 | D:10     | Noticed Lodul
 15228 | D:10     | Noticed a two-headed ogre
 15235 | D:10     | Killed a two-headed ogre
 15242 | D:10     | Killed a two-headed ogre
 15242 | D:10     | Reached *** piety under Vehumet
 15245 | D:10     | Killed Lodul
 15899 | D:11     | Noticed a boulder beetle
 15998 | D:11     | Noticed Urug
 16162 | D:7      | Noticed a sun demon
 16172 | D:7      | Reached skill level 13 in Fire Magic
 16173 | D:7      | Killed kutty's ghost
 16389 | D:8      | Gained mutation: You are partially covered in iridescent
                  | scales. (AC +2) [potion of mutation]
 16389 | D:8      | Gained mutation: Your magical capacity is low. (-10% MP)
                  | [potion of mutation]
 16389 | D:8      | Gained mutation: You expend magic power (3 MP) to
                  | strengthen your wands. [potion of mutation]
 17634 | D:8      | Killed TryExcept's ghost
 17797 | Lair:1   | Entered Level 1 of the Lair of Beasts
 17843 | Lair:1   | Reached skill level 1 in Shields
 17942 | Lair:1   | Offered knowledge of Sticky Flame by Vehumet.
 17943 | Lair:1   | Reached XP level 12. HP: 66/66 MP: 22/22
 18514 | Lair:1   | Learned a level 3 spell: Mephitic Cloud
 18788 | Lair:1   | Reached skill level 1 in Evocations
 18875 | Lair:1   | Noticed Erica
 18886 | Lair:1   | Reached skill level 1 in Fighting
 18887 | Lair:1   | Killed Erica
 18888 | Lair:1   | Reached skill level 1 in Poison Magic
 19804 | Lair:2   | Reached skill level 1 in Air Magic
 19814 | Lair:2   | Noticed an eight-headed hydra
 19837 | Lair:1   | Killed an eight-headed hydra
 20050 | Lair:2   | Noticed a catoblepas
 20059 | Lair:2   | Reached skill level 10 in Dodging
 20850 | Lair:2   | Noticed a death yak
 20851 | Lair:2   | Noticed a death yak
 20852 | Lair:2   | Noticed a death yak
 20867 | Lair:2   | Killed a death yak
 20867 | Lair:2   | Noticed a death yak
 20879 | Lair:2   | Reached skill level 5 in Stealth
 20884 | Lair:2   | Noticed a death yak
 20888 | Lair:2   | Noticed a death yak
 20890 | Lair:2   | Killed a death yak
 21042 | Lair:1   | Killed a death yak
 21609 | D:11     | You fall into a shaft and drop 3 floors!
 21688 | D:13     | Noticed a centaur warrior
 21787 | D:13     | Killed a centaur warrior
 21788 | D:13     | Reached XP level 13. HP: 57/76 MP: 20/23
 21897 | D:13     | Found a shadowy altar of Dithmenos.
 22465 | D:11     | Reached skill level 14 in Fire Magic
 22704 | D:12     | Noticed Urug
 22704 | D:12     | Urug changed into Urug the shapeshifter
 22705 | D:12     | Noticed Urug
 22705 | D:12     | Urug the shapeshifter changed into Urug the polar bear
 22710 | D:12     | Killed Urug the polar bear
 23275 | D:11     | Reached **** piety under Vehumet
 23415 | D:11     | Reached skill level 5 in Conjurations
 23650 | D:11     | Offered knowledge of Fireball by Vehumet.
 23694 | D:11     | Learned a level 5 spell: Fireball
 24429 | D:11     | Found a staircase to the Orcish Mines.
 27065 | D:13     | Found a hazy altar of Hepliaklqana.
 28300 | Lair:2   | Reached skill level 5 in Poison Magic
 28819 | Lair:2   | Reached skill level 10 in Spellcasting
 28819 | Lair:2   | Reached skill level 5 in Evocations
 28828 | Lair:1   | Reached ***** piety under Vehumet
 29105 | Lair:2   | Found a staircase to the Swamp.
 29334 | Lair:2   | Offered knowledge of Olgreb's Toxic Radiance by Vehumet.
 29335 | Lair:2   | Reached XP level 14. HP: 86/86 MP: 23/25
 29341 | Lair:2   | Learned a level 4 spell: Olgreb's Toxic Radiance
 29822 | Lair:3   | Reached skill level 5 in Shields
 30409 | Lair:3   | Reached skill level 5 in Fighting
 30978 | Lair:3   | Found a staircase to the Snake Pit.
 34151 | Lair:6   | Entered Level 6 of the Lair of Beasts
 35422 | Lair:6   | Reached XP level 15. HP: 94/94 MP: 25/26
 35582 | Lair:6   | Found the +4 dagger "Morg" {pain, Will+ Int+5}
 35644 | Lair:6   | Identified the ring of Qah Kotz {rElec rF+ rN+ Int+8
                  | Slay-4}
 36673 | Lair:6   | Found a staircase to the Slime Pits.
 36993 | Orc:1    | Entered Level 1 of the Orcish Mines
 37113 | Orc:1    | Found Ylisexoq's Jewellery Shop.
 37122 | Orc:1    | Bought an amulet of magic regeneration for 450 gold pieces
 37122 | Orc:1    | Bought a ring of fire for 375 gold pieces
 37231 | Orc:2    | Entered Level 2 of the Orcish Mines
 37231 | Orc:2    | Found a staircase to the Elven Halls.
 37251 | Orc:2    | Offered knowledge of Starburst by Vehumet.
 37330 | Orc:1    | Learned a level 6 spell: Starburst
 37359 | Orc:2    | Noticed an orc warlord
 37364 | Orc:2    | Killed an orc warlord
 37710 | Orc:2    | Found Morytsuo's CLEARANCE SALE!.
 37730 | Orc:2    | Noticed Maurice
 37732 | Orc:2    | Killed Maurice
 37767 | Orc:2    | Bought a wand of flame (8) for 15 gold pieces
 37767 | Orc:2    | Bought a scroll of magic mapping for 10 gold pieces
 37767 | Orc:2    | Bought a potion of curing for 9 gold pieces
 38019 | Orc:2    | Offered knowledge of Iron Shot by Vehumet.
 38020 | Orc:2    | Reached skill level 10 in Conjurations
 38027 | Orc:2    | Learned a level 6 spell: Iron Shot
 38127 | Orc:2    | Found Panupros's Antique Weapon Emporium.
 38222 | Orc:2    | Found Asenwuxu's Jewellery Emporium.
 38223 | Orc:2    | Found Goyst's Book Shop.
 38234 | Orc:2    | Found Duatui's General Store.
 38244 | Orc:2    | Bought a wand of iceblast (6) for 120 gold pieces
 38244 | Orc:2    | Bought a scroll of magic mapping for 42 gold pieces
 38254 | Orc:2    | Bought a ring of wizardry for 480 gold pieces
 38254 | Orc:2    | Bought a ring of poison resistance for 320 gold pieces
 38474 | Swamp:1  | Entered Level 1 of the Swamp
 38480 | Swamp:1  | Reached skill level 1 in Earth Magic
 38666 | Swamp:1  | Noticed a ghoul
 38674 | Swamp:1  | Noticed a ghoul
 38680 | Swamp:1  | Killed a ghoul
 39045 | Swamp:1  | Noticed a ghoul
 39051 | Swamp:1  | Killed a ghoul
 39857 | Lair:2   | Killed a ghoul
 40616 | Swamp:1  | Noticed a tentacled monstrosity
 40674 | Swamp:1  | Killed a tentacled monstrosity
 41269 | Swamp:2  | Reached XP level 16. HP: 103/103 MP: 28/28
 41388 | Swamp:2  | Noticed a fenstrider witch
 41392 | Swamp:2  | Found a runed translucent gate.
 41392 | Swamp:2  | Found a runed translucent gate.
 41393 | Swamp:2  | Found a runed translucent gate.
 41393 | Swamp:2  | Noticed Veireas's ghost (journeyman GrGl)
 41394 | Swamp:2  | Noticed a thorn hunter
 41414 | Swamp:2  | Reached skill level 15 in Fire Magic
 42250 | Swamp:3  | Noticed a thorn hunter
 42252 | Swamp:3  | Noticed a thorn hunter
 42529 | Swamp:3  | Noticed Louise
 42748 | Swamp:3  | Killed Louise
 43085 | Swamp:3  | Killed a thorn hunter
 43163 | Swamp:3  | Killed a thorn hunter
 43562 | Swamp:3  | Noticed a thorn hunter
 43564 | Swamp:3  | Killed a thorn hunter
 43579 | Swamp:3  | Offered knowledge of Spellforged Servitor by Vehumet.
 43601 | Swamp:3  | Learned a level 7 spell: Spellforged Servitor
 43848 | Swamp:4  | Entered Level 4 of the Swamp
 44464 | Swamp:4  | Reached skill level 5 in Earth Magic
 45101 | Swamp:4  | Reached XP level 17. HP: 110/110 MP: 25/29
 45688 | Swamp:4  | Got a decaying rune of Zot
 45972 | Elf:1    | Entered Level 1 of the Elven Halls
 46365 | Elf:1    | HP: 1/111 [deep elf archer/arrow (26)]
 46873 | Snake:1  | Entered Level 1 of the Snake Pit
 47613 | Snake:1  | Offered knowledge of Ozocubu's Refrigeration by Vehumet.
 51123 | Snake:2  | Reached XP level 18. HP: 91/118 MP: 21/30
 51236 | Snake:2  | Reached skill level 1 in Summonings
 51263 | Snake:2  | Reached ****** piety under Vehumet
 51505 | Snake:2  | Reached skill level 10 in Evocations
 51900 | Snake:3  | Noticed Vashnia
 51900 | Snake:3  | Found a bloodstained altar of Trog.
 51974 | Snake:3  | Reached skill level 16 in Fire Magic
 51978 | Snake:3  | Offered knowledge of Freezing Cloud by Vehumet.
 51988 | Snake:2  | Learned a level 5 spell: Freezing Cloud
 52438 | Snake:3  | Reached skill level 1 in Ice Magic
 52453 | Snake:3  | Killed Vashnia
 53560 | Snake:4  | Entered Level 4 of the Snake Pit
 54087 | Snake:4  | Found a radiant altar of Vehumet.
 54890 | Snake:4  | Reached skill level 10 in Fighting
 55361 | Snake:4  | Offered knowledge of Maxwell's Capacitive Coupling by
                  | Vehumet.
 55913 | Snake:4  | Got a serpentine rune of Zot
 56167 | Snake:4  | Reached XP level 19. HP: 107/126 MP: 20/32
 56672 | Orc:1    | Found Miysuog's Antique Armour Boutique.
 56672 | Orc:1    | Noticed Gastronok
 56678 | Orc:1    | Killed Gastronok
 58203 | Slime:1  | Entered Level 1 of the Pits of Slime
 58233 | Slime:1  | Gained mutation: You are frail. (-10% HP) [a shining eye]
 58380 | Lair:6   | Lost mutation: You are partially covered in iridescent
                  | scales. (AC +2) [potion of mutation]
 58380 | Lair:6   | Lost mutation: You are frail. (-10% HP) [potion of
                  | mutation]
 58380 | Lair:6   | Gained mutation: You have supernaturally acute eyesight.
                  | (SInv) [potion of mutation]
 58380 | Lair:6   | Gained mutation: You possess an exceptional clarity of
                  | mind. [potion of mutation]
 58602 | Slime:1  | Learned a level 4 spell: Passage of Golubria
 58803 | Slime:1  | Reached skill level 5 in Air Magic
 58840 | Slime:1  | Upgraded the game from 0.29-a0-307-gecccbbdb84 to
                  | 0.29-a0-308-g4e025c60ea
 59721 | Slime:3  | Offered knowledge of Fire Storm by Vehumet.
 59721 | Slime:3  | Offered knowledge of Shatter by Vehumet.
 59721 | Slime:3  | Offered knowledge of Polar Vortex by Vehumet.
 59847 | Slime:3  | Learned a level 9 spell: Fire Storm
 60436 | Slime:4  | Reached skill level 5 in Summonings
 60785 | Slime:5  | Entered Level 5 of the Pits of Slime
 61410 | Slime:5  | Noticed the Royal Jelly
 61700 | Slime:5  | Killed the Royal Jelly
 62983 | Slime:5  | Reached XP level 20. HP: 122/134 MP: 9/33
 63141 | Slime:5  | Gained mutation: You are occasionally teleported next to
                  | monsters. [a shining eye]
 63143 | Slime:5  | Lost mutation: You expend magic power (3 MP) to strengthen
                  | your wands. [potion of mutation]
 63143 | Slime:5  | Lost mutation: You have supernaturally acute eyesight.
                  | (SInv) [potion of mutation]
 63143 | Slime:5  | Lost mutation: You are occasionally teleported next to
                  | monsters. [potion of mutation]
 63143 | Slime:5  | Gained mutation: You are strong-willed. (Will+) [potion of
                  | mutation]
 63327 | Slime:5  | Identified the amulet "Neribuish" {Faith Contam Int+4}
 63333 | Slime:5  | Got a slimy rune of Zot
 63662 | Slime:5  | Identified the +4 trident of Soleq {vorpal, +Blink rCorr
                  | Int+3}
 63680 | Slime:5  | Identified the +1 broad axe of the Thieving Spider {vorpal,
                  | *Slow rElec Str+9 Int+3}
 63688 | Slime:5  | Identified the +1 leather armour of Light {rF+ MP+9 Dex-2}
 64141 | Elf:1    | Reached skill level 5 in Ice Magic
 64374 | Elf:1    | Reached skill level 17 in Fire Magic
 64472 | Elf:1    | Got the Collected Works on Supportive Confrontation
 64874 | Elf:1    | Found Wimmewn's General Store.
 65015 | Elf:1    | Bought a wand of acid (5) for 360 gold pieces
 65015 | Elf:1    | Bought a wand of iceblast (4) for 160 gold pieces
 65701 | Elf:2    | Found a crumbling gateway.
 65709 | Desolati | Entered the Desolation of Salt
 65870 | Desolati | Reached skill level 15 in Conjurations
 66378 | Elf:2    | Found an ancient bone altar of Kikubaaqudgha.
 66548 | Elf:2    | Found a huge runed translucent gate.
 66548 | Elf:2    | Found a huge runed translucent gate.
 66550 | Elf:2    | Found a huge runed translucent gate.
 66550 | Elf:2    | Found a huge runed translucent gate.
 66551 | Elf:2    | Found a huge runed translucent gate.
 67948 | Elf:2    | Identified the ring "Nirgh" {MP+9 Stlth+}
 67961 | Elf:2    | Found a corrupted altar of Lugonu.
 68244 | Elf:2    | Reached XP level 21. HP: 141/141 MP: 15/35
 68877 | Elf:3    | Entered Level 3 of the Elven Halls
 68959 | Elf:3    | Identified the +8 broad axe "Gutruin" {freeze, Fly Will+}
 69761 | Elf:3    | Noticed Zenata
 69767 | Elf:3    | Killed Zenata
 70463 | Elf:3    | Reached skill level 15 in Dodging
 70541 | Elf:3    | Reached skill level 18 in Fire Magic
 71387 | Elf:3    | Identified the +0 cloak "Asuewnar" {rElec rF+ Int+3}
 71650 | Elf:3    | Got the Compendium of Weightlessness
 71665 | Elf:3    | Identified the +10 hand axe of Suuqigga {drain, Will+ rCorr
                  | Str+3 Dex+2}
 72693 | D:14     | Found a transporter.
 72698 | D:14     | Found a transporter.
 72702 | D:14     | Noticed Cyateurch's ghost (journeyman GrEE)
 72958 | D:14     | Killed Cyateurch's ghost
 73190 | D:14     | Found a gate to the Vaults.
 73430 | D:14     | Found a blossoming altar of Fedhas.
 73814 | D:14     | Found Omaotas's Assorted Antiques.
 73822 | D:14     | Bought a scroll of blinking for 255 gold pieces
 73822 | D:14     | Bought a potion of curing for 102 gold pieces
 73822 | D:14     | Bought a scroll of blinking for 255 gold pieces
 73822 | D:14     | Bought a scroll of magic mapping for 119 gold pieces
 73822 | D:14     | Bought a potion of heal wounds for 170 gold pieces
 73971 | D:15     | Entered Level 15 of the Dungeon
 74073 | D:15     | Found a staircase to the Depths.
 74346 | D:15     | Reached skill level 15 in Spellcasting
 74941 | Vaults:1 | Entered Level 1 of the Vaults
 75605 | Vaults:1 | Reached XP level 22. HP: 119/148 MP: 23/36
 76460 | Vaults:1 | You fall into a shaft and drop 1 floor!
 78016 | Vaults:2 | Found Vepnofi's Antique Weapon Boutique.
 78020 | Vaults:2 | Found a portal to a secret trove of treasure.
 78323 | Vaults:2 | You showed the slimy rune of Zot to enter a treasure trove
 78324 | Trove    | Entered a treasure trove
 78330 | Trove    | Identified the ring "Alaggixy" {Will+ Str+5 Int-2}
 78336 | Trove    | Identified the ring "Nugaz" {Fly rPois Will+ Int-3}
 78338 | Trove    | Identified the ring of Caebeiq {rPois rC+ rCorr Dex+3}
 78342 | Trove    | Identified the ring of the Devil's Advocate {rN+ rCorr
                  | Str+4 Int-3 Dex+6}
 78351 | Trove    | Identified the ring of Mop Ymergh {Will++ MP+9}
 78353 | Trove    | Identified the ring "Meulachida" {Fly rElec rF- rCorr SInv}
 79549 | Vaults:3 | Identified the +6 scale mail "Tathred" {-Cast Slay+5}
 80029 | Vaults:3 | Found a staircase to the Crypt.
 80085 | Vaults:3 | Noticed a golden dragon
 80090 | Vaults:3 | Killed a golden dragon
 80266 | Vaults:3 | Noticed Margery
 80268 | Vaults:3 | Killed Margery
 81230 | Vaults:4 | Reached XP level 23. HP: 155/155 MP: 38/38
 81235 | Vaults:4 | Reached skill level 19 in Fire Magic
 82126 | Vaults:4 | Found a huge runed gate.
 82126 | Vaults:4 | Found a huge runed gate.
 82126 | Vaults:4 | Found a huge runed gate.
 82126 | Vaults:4 | Found a huge runed gate.
 82126 | Vaults:4 | Found a huge runed gate.
 82126 | Vaults:4 | Found a huge runed gate.
 82127 | Vaults:4 | Found a huge runed gate.
 82127 | Vaults:4 | Found a huge runed gate.
 82127 | Vaults:4 | Found a huge runed gate.
 82127 | Vaults:4 | Found a huge runed gate.
 82127 | Vaults:4 | Found a huge runed gate.
 82128 | Vaults:4 | Found a huge runed gate.
 82136 | Vaults:4 | Found a huge runed gate.
 82137 | Vaults:4 | Found a huge runed gate.
 82138 | Vaults:4 | Found a huge runed gate.
 82146 | Vaults:4 | Found a huge runed gate.
 82146 | Vaults:4 | Found a huge runed gate.
 82146 | Vaults:4 | Found a huge runed gate.
 82146 | Vaults:4 | Found a huge runed gate.
 82146 | Vaults:4 | Found a huge runed gate.
 82146 | Vaults:4 | Found a huge runed gate.
 82147 | Vaults:4 | Found a huge runed gate.
 82148 | Vaults:4 | Found a huge runed gate.
 82149 | Vaults:4 | Found a huge runed gate.
 82157 | Vaults:4 | Found a huge runed gate.
 82157 | Vaults:4 | Found a huge runed gate.
 82157 | Vaults:4 | Found a huge runed gate.
 82157 | Vaults:4 | Found a huge runed gate.
 82157 | Vaults:4 | Found a huge runed gate.
 82157 | Vaults:4 | Found a huge runed gate.
 82158 | Vaults:4 | Found a huge runed gate.
 82167 | Vaults:4 | Found a huge runed gate.
 82168 | Vaults:4 | Found a huge runed gate.
 82176 | Vaults:4 | Found a huge runed gate.
 82176 | Vaults:4 | Found a huge runed gate.
 82176 | Vaults:4 | Found a huge runed gate.
 83089 | Vaults:4 | Learned a level 3 spell: Swiftness
 83092 | Vaults:5 | Entered Level 5 of the Vaults
 83111 | Vaults:5 | Noticed Jory
 83122 | Vaults:5 | Killed Jory
 83129 | Vaults:5 | Noticed an ancient lich
 83135 | Vaults:5 | Killed an ancient lich
 83231 | Vaults:5 | Reached XP level 24. HP: 85/163 MP: 18/39
 83367 | Vaults:5 | Noticed Bai Suzhen
 83373 | Vaults:5 | Killed Bai Suzhen
 84126 | Vaults:5 | Identified the +8 long sword of the Middle {freeze, rF+ rN+
                  | Str-3 Dex+2}
 84172 | Vaults:5 | Identified a scroll of acquirement
 84172 | Vaults:5 | Acquired the +2 hood of the Assassin {Detection Stab+
                  | Stlth++}
 84172 | Vaults:5 | Found the +2 hood of the Assassin {Detection Stab+ Stlth++}
 84243 | Vaults:5 | Got a silver rune of Zot
 84245 | Vaults:5 | Identified the +4 scale mail "Petuerghua" {rC+}
 84690 | Vaults:5 | Reached skill level 20 in Fire Magic
 84741 | Vaults:5 | Identified the +5 dagger "Kucves Zidgh" {pain, rN+ Str+3
                  | Dex+3}
 84875 | Vaults:5 | Got the Tome of Disestablishmentarianism
 84885 | Vaults:5 | Identified the +5 rapier of Tutohox {antimagic, rF++
                  | Stlth+}
 85520 | Crypt:1  | Entered Level 1 of the Crypt
 85570 | Crypt:1  | Identified the ring "Goext" {Ice Str+4}
 85570 | Crypt:1  | Noticed Josephina
 85573 | Crypt:1  | Killed Josephina
 85786 | Crypt:1  | Noticed Mennas
 85797 | Crypt:1  | Killed Mennas
 89175 | Crypt:3  | Entered Level 3 of the Crypt
 89740 | Crypt:3  | Reached XP level 25. HP: 158/169 MP: 40/40
 90129 | Crypt:3  | Identified the ring "Igiasu" {Drain rElec rN+ Str+4 Dex+3}
 90129 | Crypt:3  | Identified the ring "Zopn" {rC+ rN+}
 90272 | Crypt:3  | Upgraded the game from 0.29-a0-308-g4e025c60ea to
                  | 0.29-a0-314-gb00dd7cb4b
 90293 | Crypt:3  | Found a staircase to the Tomb.
 90328 | Crypt:3  | Identified the +0 plate armour of Disappointment {Int+3}
 90897 | Orc:2    | Bought the ring of the Falcon {rN+ Will+} for 434 gold
                  | pieces
 91056 | Depths:1 | Entered Level 1 of the Depths
 91080 | Depths:1 | Found a runed translucent door.
 91151 | Depths:1 | Noticed Amohu's ghost (veteran MiBe)
 91275 | Depths:1 | Found a one-way gateway to a ziggurat.
 91320 | Depths:1 | Found an ornate altar of the Wu Jian Council.
 91755 | Depths:1 | Found an iron altar of Okawaru.
 92027 | Depths:1 | Killed Amohu's ghost
 92293 | Depths:1 | Found a gateway to Hell.
 92903 | Depths:2 | Found a one-way gate leading to the halls of Pandemonium.
 93100 | Depths:2 | Reached skill level 21 in Fire Magic
 93179 | Depths:2 | Found a runed translucent door.
 93192 | Depths:2 | Noticed a juggernaut
 93194 | Depths:2 | Killed a juggernaut
 93248 | Depths:2 | Reached skill level 1 in Transmutations
 93442 | Depths:2 | Identified the ring "Coci" {Fire rElec rN+ Int-5}
 93444 | Depths:2 | Identified the +8 hand axe "Demonbane" {vorpal, Dex+4}
 94564 | Swamp:2  | Killed Veireas's ghost
 94598 | Swamp:2  | Got the Papyrus of Evil Shape Shifting
 94607 | Swamp:2  | Learned a level 5 spell: Borgnjor's Vile Clutch
 94614 | Swamp:2  | Learned a level 6 spell: Statue Form
 94898 | Depths:3 | Reached skill level 10 in Stealth
 94908 | Depths:3 | Reached skill level 1 in Necromancy
 95427 | Depths:3 | Reached XP level 26. HP: 149/175 MP: 32/40
 95558 | Depths:3 | Found Piudui's Jewellery Shoppe.
 95559 | Depths:3 | Found Ibatofahi's Book Boutique.
 95560 | Depths:3 | Found Tufan's Jewellery Shoppe.
 95561 | Depths:3 | Acquired 579 gold pieces
 95614 | Depths:3 | Bought the ring "Uguurpha" {Fly rF++ rC- Int+4} for 607
                  | gold pieces
 95631 | Depths:3 | Acquired the amulet "Moufuam" {Will+ Regen+ Str+2 SInv}
 95894 | Depths:3 | Found a one-way gate to the infinite horrors of the Abyss.
 96016 | Depths:3 | Found a basalt altar of Yredelemnul.
 96202 | Depths:4 | Entered Level 4 of the Depths
 96250 | Depths:4 | Noticed Parghit
 97247 | Depths:4 | Killed Parghit
 97248 | Depths:4 | Reached skill level 5 in Transmutations
 97649 | Depths:4 | Found a gate to the Realm of Zot.
 97814 | Depths:4 | Found a stormy altar of Qazlal.
 98162 | Depths:4 | Reached skill level 10 in Shields
 98365 | Depths:4 | Found Susanowo's Dragon-Slaying Spoils.
 98731 | Depths:4 | Voluntarily entered the Abyss.
 99203 | Depths:4 | Escaped the Abyss
 99338 | Depths:4 | Voluntarily entered the Abyss.
100939 | Abyss:5  | Entered Level 5 of the Abyss
101241 | Abyss:5  | Paralysed by accursed screaming for 2 turns
101244 | Depths:4 | Escaped the Abyss
101485 | Depths:4 | Voluntarily entered the Abyss.
101510 | Abyss:1  | Gained mutation: Your magical capacity is very low. (-20%
                  | MP) [a cacodemon]
101528 | Depths:4 | Escaped the Abyss
101564 | Depths:4 | Voluntarily entered the Abyss.
101687 | Abyss:4  | Found a corrupted altar of Lugonu.
101774 | Abyss:4  | Gained mutation: Your muscles are strong. (Str +2) [a
                  | neqoxec]
101777 | Abyss:4  | Lost mutation: You possess an exceptional clarity of mind.
                  | [a neqoxec]
101973 | Depths:4 | Escaped the Abyss
102483 | Tomb:1   | Entered Level 1 of the Tomb of the Ancients
102851 | Tomb:1   | Reached skill level 15 in Evocations
102876 | Tomb:1   | Noticed a royal mummy
102886 | Tomb:1   | Killed a royal mummy
103393 | Tomb:1   | Noticed a royal mummy
103395 | Tomb:1   | Killed a royal mummy
103426 | Tomb:1   | Lost mutation: Your muscles are strong. (Str +2) [potion of
                  | mutation]
103426 | Tomb:1   | Lost mutation: Your magical capacity is very low. (-20% MP)
                  | [potion of mutation]
103426 | Tomb:1   | Lost mutation: Your magical capacity is low. (-10% MP)
                  | [potion of mutation]
103426 | Tomb:1   | Gained mutation: You are robust. (+10% HP) [potion of
                  | mutation]
103426 | Tomb:1   | Gained mutation: One of your tentacles bears a spike.
                  | [potion of mutation]
103426 | Tomb:1   | Gained mutation: Your natural rate of healing is unusually
                  | fast. [potion of mutation]
103916 | Tomb:1   | Learned a level 5 spell: Lee's Rapid Deconstruction
104032 | Tomb:1   | Learned a level 7 spell: Orb of Destruction
104103 | Tomb:2   | Noticed a royal mummy
104105 | Tomb:2   | Noticed a royal mummy
104107 | Tomb:2   | Noticed a royal mummy
104119 | Tomb:2   | Noticed a royal mummy
104143 | Tomb:2   | Killed a royal mummy
104145 | Tomb:2   | Killed a royal mummy
104146 | Tomb:2   | Killed a royal mummy
104148 | Tomb:2   | Killed a royal mummy
104149 | Tomb:2   | HP: 3/252 [something (11)]
104641 | Tomb:1   | Noticed a royal mummy
104643 | Tomb:1   | Noticed a royal mummy
104644 | Tomb:1   | Noticed a royal mummy
104645 | Tomb:1   | Killed a royal mummy
104645 | Tomb:1   | Killed a royal mummy
104645 | Tomb:1   | Killed a royal mummy
104646 | Tomb:1   | Killed a royal mummy
104646 | Tomb:1   | Noticed a royal mummy
104647 | Tomb:1   | Killed a royal mummy
104648 | Tomb:1   | Killed a royal mummy
104774 | Tomb:1   | Noticed a royal mummy
104778 | Tomb:1   | Killed a royal mummy
104780 | Tomb:1   | Noticed a royal mummy
104784 | Tomb:1   | Killed a royal mummy
104801 | Tomb:1   | Noticed a royal mummy
104804 | Tomb:1   | Killed a royal mummy
104805 | Tomb:1   | Reached skill level 10 in Earth Magic
104805 | Tomb:1   | Reached XP level 27. HP: 201/201 MP: 28/45
104862 | Tomb:1   | Noticed a royal mummy
104865 | Tomb:1   | Killed a royal mummy
104909 | Tomb:1   | Noticed a royal mummy
104914 | Tomb:1   | Noticed a royal mummy
104914 | Tomb:1   | Noticed a royal mummy
104914 | Tomb:1   | Killed a royal mummy
104915 | Tomb:1   | Noticed a royal mummy
104916 | Tomb:1   | Killed a royal mummy
104916 | Tomb:1   | Killed a royal mummy
104916 | Tomb:1   | Killed a royal mummy
104917 | Tomb:1   | Killed a royal mummy
104917 | Tomb:1   | Killed a royal mummy
104951 | Tomb:1   | Noticed a royal mummy
104954 | Tomb:1   | Killed a royal mummy
105183 | Tomb:3   | Entered Level 3 of the Tomb of the Ancients
105188 | Tomb:3   | Noticed a royal mummy
105188 | Tomb:3   | Noticed a royal mummy
105188 | Tomb:3   | Noticed a royal mummy
105190 | Tomb:3   | Killed a royal mummy
105191 | Tomb:3   | Killed a royal mummy
105196 | Tomb:3   | Killed a royal mummy
105197 | Tomb:3   | Reached skill level 10 in Transmutations
105202 | Tomb:3   | Noticed a royal mummy
105203 | Tomb:3   | Reached skill level 15 in Fighting
105203 | Tomb:3   | Noticed a royal mummy
105207 | Tomb:3   | Killed a royal mummy
105207 | Tomb:3   | Killed by a royal mummy's death curse

Illustrated notes

Levels and vault maps discovered:
D:1:      onia_arrival_handbag, layout_loops_ring
D:2:      layout_basic, shapermc_ecumenical_altar_notcrosses
D:3:      layout_loops_cross, nicolae_uskayaw_dance_hall
D:4:      layout_basic, temple_pool_b, uniq_grinder
D:5:      layout_basic, chequers_mini_garden
D:6:      layout_rooms
D:7:      layout_basic, gammafunk_ghost_nasty_kobolds,
          chequers_serial_rivers_marsh, minivault_19
D:8:      layout_loops_corners, dpeg_oklobed_lair, gammafunk_ghost_arena,
          uniq_grum
D:9:      layout_basic, minmay_sticks_and_stones
D:10:     layout_basic, serial_glass, glass_columns_a, glass_columns_a,
          minmay_misc_feat_rows, grunt_decor_resistance, uniq_lodul, uniq_sonja
D:11:     minmay_goldmine, layout_irregular_city, zombieorc1_lemuel, uniq_urug
D:12:     layout_layer_cave
D:13:     layout_long_grid, hangedman_feature_mirror
D:14:     layout_loops_ring, david_vaults_4, minmay_misc_feat_diagonals,
          serial_shops, shop_statue, gammafunk_ghost_hive, fedhas_altar_4
D:15:     grunt_enter_depths_giant_problem, layout_basic, dreamdust_wishing_well
Temple:   mainiacjoe_temple_archimedes_tessellation
Lair:1:   layout_cave_pods, uniq_erica
Lair:2:   nzn_winding_woodlands_cross
          [nzn_winding_woodlands_5x15_pathside_ponds,
          nzn_winding_woodlands_5x15_cabin, nzn_winding_woodlands_5x15_crooked,
          nzn_winding_woodlands_5x15_concentric,
          nzn_winding_woodlands_15x15_killbox], layout_cave_pods,
          skrybe_swamp_entry_bodies, chequers_serial_rivers_room_b
Lair:3:   layout_cave_pods, guppyfry_snake_entry_island
Lair:4:   layout_roguey
Lair:5:   layout_loops_ring
Lair:6:   minmay_lair_end_frog_pond, layout_long_grid,
          minmay_slime_entry_oklob_enclosed
Swamp:1:  layout_basic_swamp, evilmike_swamp_ruin_rubble_1, swamp_pool1
Swamp:2:  layout_basic_swamp, gammafunk_ghost_split,
          nicolae_swamp_dense_foliage, swamp_pool1
Swamp:3:  layout_basic_swamp, evilmike_swamp_ruin_house_2, uniq_louise
Swamp:4:  swamp_basic_johnstein, layout_basic_swamp
Snake:1:  layout_rooms, nicolae_snake_gridmaze_entwining,
          nrook_guardian_serpent_double
Snake:2:  layout_rooms, nicolae_snake_salamander_zone
Snake:3:  layout_rooms, basic_altar, uniq_vashnia
Snake:4:  grunt_snake_rune_spirals, layout_onion, basic_altar
Slime:1:  layout_caves, nicolae_slime_ancient_tower_intersection
Slime:2:  layout_caves
Slime:3:  layout_caves, nicolae_slime_phagocytosis
Slime:4:  layout_caves
Slime:5
Orc:1:    layout_caves, serial_shops, shop, shop, uniq_gastronok
Orc:2:    st_orc_elflike, layout_diamond_mine, nicolae_shop_clearance,
          uniq_maurice
Elf:1:    layout_loops_corners, serial_shops, nicolae_shop_statue_plus,
          minmay_elf_sorcery, guppyfry_library_mini
Elf:2:    elven_hall_of_blades_hangedman_alternative [nicolae_blade_tridents],
          layout_geoelf_octagon, portal_desolation_entry_nicolae_slug,
          basic_altar, hangedman_elf_targetted_burst,
          nicolae_elf_theology_debate
Elf:3:    elf_hall, layout_geoelf_castle, lemuel_flamethrower_1, uniq_zenata
Vaults:1: v_misc_25, grunt_vaults_bifocal, nicolae_vaults_an_arrangement,
          v_misc_8, vaults_mumra_lcd, v_misc_23, v_alt_pattern_3,
          nicolae_vaults_diagonal_hallway_6, layout_vaults_omnicross
Vaults:2: hangedman_vaults_restitches, vaults_room_door_hall, v_misc_18,
          vaults_room_door_hall, nicolae_vaults_network_barrier, v_misc_9,
          nicolae_vaults_circle_grid_b, vaults_mumra_chevron, v_misc_15,
          nicolae_vaults_little_squares_3, vaults_room_door_ring,
          ontoclasm_vaults_loading_screen, v_misc_14, layout_vaults_omnibox,
          serial_shops, shop, enter_trove_1
Vaults:3: ontoclasm_vaults_ring_square, v_misc_12, vaults_dpeg_spiral,
          nicolae_vaults_yaktaur_gun_rack, minmay_crypt_entry_simple_box,
          ontoclasm_vaults_spin, hangedman_vaults_river_flow,
          vaults_standard_mumra_x, dpeg_vaults_monster_row,
          nicolae_vaults_little_ls, layout_vaults_ring, uniq_margery
Vaults:4: grunt_vaults_funnel, nicolae_vaults_big_ls, v_misc_9,
          hangedman_vaults_slither, ontoclasm_vaults_decontamination,
          vaults_room_corners, nicolae_vaults_asterisk,
          vaults_standard_mumra_lines, ontoclasm_vaults_loading_screen,
          ontoclasm_vaults_ring_small, v_misc_22, ontoclasm_vaults_hangar,
          door_vault, vaults_room_octagon, layout_vaults_maze_snakey
Vaults:5: serial_shops, uniq_jory, uniq_bai_suzhen
Crypt:1:  layout_chaotic_city, uniq_josephina, uniq_mennas
Crypt:2:  layout_misc_corridors, st_stairs_4
Crypt:3:  quadcrypt_mu
Tomb:1
Tomb:2
Tomb:3
Depths:1: layout_honeycomb, enter_ziggurat_c, hellmonk_ghost_happy_afterlife,
          nzn_wu_jian_council_hall, lightli_too_deep, okawaru_ov_weapons_minmay
Depths:2: minmay_the_grid_triangle_9x9_line_8_mashed
          [minmay_the_grid_triangle_9x9_from_above,
          minmay_the_grid_triangle_9x9_minimal,
          minmay_the_grid_triangle_9x9_limited_checkers,
          minmay_the_grid_triangle_9x9_subtriangle,
          minmay_the_grid_triangle_9x9_corruption,
          minmay_the_grid_triangle_9x9_checkered,
          minmay_the_grid_triangle_9x9_corrupted_corridor,
          minmay_the_grid_triangle_9x9_prize_schism], layout_cave_pools,
          hell_entry, rand_demon_pan_entry_5, roderic_lattice_a
Depths:3: minmay_diamond_stairs, layout_cave_pools, abyss_entry, special_room
          [special_room_mythical_zoo], hell_entry,
          serial_sigils_hangedman_scratch, yredelemnul_altar_generic,
          minmay_shop_grove
Depths:4: grunt_crosshair, layout_gridville, grunt_hell_entry_dis_old,
          nicolae_qazlal_style_of_elements, abyss_entry,
          kennysheep_pointless_box, nicolae_shop_dragon_depot, uniq_parghit

Skill      XL: |  1  2  3  4  5  6  7  8  9 10 11 12 13 14 15 16 17 18 19 20 21 22 23 24 25 26 27 |
---------------+----------------------------------------------------------------------------------+-----
Stealth        | 3 5 6 8 10 | 10.4
Fire Magic     | 4 5 6 8 10 12 13 14 15 16 17 18 19 20 21 | 21.5
Dodging        | 3 4 5 7 8 9 10 11 12 13 14 15 16 17 | 17.5
Spellcasting   | 3 4 5 6 7 8 9 10 11 12 13 14 15 16 17 18 | 18.5
Shields        | 1 3 4 5 6 7 8 9 10 12 | 12.0
Conjurations   | 4 7 9 10 12 13 14 15 16 17 18 19 | 19.9
Evocations     | 3 5 6 7 8 9 10 11 12 13 14 16 17 | 17.9
Fighting       | 2 4 6 7 8 9 10 11 12 13 14 15 | 15.2
Poison Magic   | 3 5 6 7 |  7.7
Air Magic      | 2 3 4 5 6 7 8 9 |  9.0
Earth Magic    | 3 5 6 7 8 10 | 10.0
Summonings     | 4 5 6 |  6.0
Ice Magic      | 3 4 5 6 7 8 9 |  9.0
Transmutations | 4 8 10 | 10.0
Necromancy     | 2 4 |  4.0

Action                   |  1- 3 |  4- 6 |  7- 9 | 10-12 | 13-15 | 16-18 | 19-21 | 22-24 | 25-27 || total
-------------------------+-------+-------+-------+-------+-------+-------+-------+-------+-------++-------
Melee: Unarmed           |    69 |       |       |       |       |       |       |       |       ||    69
       Constrict         |    22 |     2 |       |       |     1 |     2 |     1 |     1 |    10 ||    39
       Tentacles         |    16 |     2 |     3 |       |     1 |     3 |     9 |     4 |    30 ||    68
       Staff             |     2 |     9 |     9 |     2 |       |    20 |     1 |     7 |       ||    50
       Punch             |     1 |       |     1 |       |       |       |     1 |       |       ||     3
       Dagger            |       |       |       |       |     1 |       |    20 |       |    66 ||    87
       Kick              |       |       |       |       |       |       |       |       |     1 ||     1
 Cast: Foxfire           |    84 |    99 |   173 |   204 |   181 |     5 |     3 |     1 |     1 ||   751
       Scorch            |     1 |    30 |    86 |   137 |    61 |     2 |       |       |       ||   317
       Conjure Flame     |       |     4 |    12 |    25 |    19 |       |       |       |       ||    60
       Flame Wave        |       |       |       |    30 |    33 |     8 |       |       |       ||    71
       Mephitic Cloud    |       |       |       |     3 |     9 |     2 |     1 |       |       ||    15
       Fireball          |       |       |       |       |   411 |   258 |   226 |     7 |     5 ||   907
       Olgreb's Toxic Ra |       |       |       |       |    18 |    27 |       |       |       ||    45
       Iron Shot         |       |       |       |       |     9 |    73 |   148 |    44 |    70 ||   344
       Starburst         |       |       |       |       |       |    42 |    41 |       |    20 ||   103
       Spellforged Servi |       |       |       |       |       |    59 |    95 |    59 |   115 ||   328
       Freezing Cloud    |       |       |       |       |       |    40 |   144 |     9 |    13 ||   206
       Passage of Golubr |       |       |       |       |       |       |     3 |       |       ||     3
       Fire Storm        |       |       |       |       |       |       |     1 |   261 |   354 ||   616
       Swiftness         |       |       |       |       |       |       |       |     1 |     7 ||     8
       Borgnjor's Vile C |       |       |       |       |       |       |       |       |    11 ||    11
       Lee's Rapid Decon |       |       |       |       |       |       |       |       |    13 ||    13
       Statue Form       |       |       |       |       |       |       |       |       |    15 ||    15
       Orb of Destructio |       |       |       |       |       |       |       |       |    11 ||    11
Evoke: Wand              |       |       |       |    22 |    26 |     3 |    13 |     7 |    25 ||    96
       Condenser vane    |       |       |       |       |     2 |     2 |     3 |       |     3 ||    10
       Lightning rod     |       |       |       |       |       |     9 |    11 |       |     4 ||    24
       Phial of floods   |       |       |       |       |       |       |     1 |       |     2 ||     3
       Box of beasts     |       |       |       |       |       |       |       |       |     3 ||     3
       Phantom mirror    |       |       |       |       |       |       |       |       |     2 ||     2
  Use: Scroll            |     3 |       |     8 |     8 |     5 |     5 |    26 |     3 |    14 ||    72
       Potion            |       |     1 |     1 |    14 |     2 |     3 |    14 |     3 |    17 ||    55
 Stab: Sleeping          |     8 |     1 |       |       |       |       |       |       |       ||     9
       Distracted        |       |       |       |       |       |       |       |     1 |     2 ||     3
Armor: Skin              |     4 |     7 |    11 |    39 |    32 |    38 |    23 |     6 |    85 ||   245
Dodge: Dodged            |    49 |    12 |    57 |    65 |    82 |   104 |    79 |    36 |   172 ||   656
Block: Buckler           |       |       |       |    14 |    39 |    62 |     5 |       |       ||   120
       Kite shield       |       |       |       |       |       |       |    91 |    42 |   175 ||   308
       Reflection        |       |       |       |       |       |       |    36 |     9 |     3 ||    48

Table legend: (Time is in decaauts)
 A = Elapsed time spent in this place.
 B = Non-inter-level travel time spent in this place.
 C = Inter-level travel time spent in this place.
 D = Time resting spent in this place.
 E = Time spent auto-exploring this place.
 F = Levels seen in this place.
 G = Mean time per level.
                   A        B        C        D        E       F      G
               +--------+--------+--------+--------+--------+-----+--------+
         Total | 105785 |  97795 |   7990 |  39573 |  40564 |  70 | 1511.2 |
       Dungeon |  28048 |  25158 |   2890 |   8012 |  13934 |  15 | 1869.9 |
        Temple |    279 |    223 |     56 |      0 |    202 |   1 |  279.0 |
          Lair |  15802 |  14876 |    926 |   7127 |   6434 |   6 | 2633.7 |
         Swamp |   6085 |   5853 |    232 |   3369 |   1755 |   4 | 1521.2 |
     Snake Pit |   8859 |   8395 |    464 |   4223 |   2467 |   4 | 2214.8 |
    Slime Pits |   5492 |   4940 |    552 |   1369 |   2775 |   5 | 1098.4 |
  Orcish Mines |   3458 |   3081 |    377 |   1630 |    925 |   2 | 1729.0 |
   Elven Halls |   7691 |   7185 |    506 |   3160 |   2725 |   3 | 2563.7 |
        Vaults |  10743 |   9986 |    757 |   3376 |   4507 |   5 | 2148.6 |
         Crypt |   5337 |   4802 |    535 |   2327 |   1534 |   3 | 1779.0 |
          Tomb |   2990 |   2697 |    293 |    968 |    467 |   3 |  996.7 |
        Depths |   7717 |   7318 |    399 |   3286 |   2496 |   4 | 1929.2 |
         Abyss |   2938 |   2938 |      0 |    623 |    315 |  13 |  226.0 |
         Trove |     39 |     39 |      0 |      0 |      2 |   1 |   39.0 |
    Desolation |    300 |    300 |      0 |    101 |     25 |   1 |  300.0 |
               +--------+--------+--------+--------+--------+-----+--------+

Top non-repeatable levels by time:
  Lair:2: 4615 daAuts
     D:8: 4589 daAuts
  Lair:1: 3450 daAuts
   Elf:3: 3235 daAuts
    D:11: 3073 daAuts
   Elf:2: 2886 daAuts
 Snake:1: 2847 daAuts
 Snake:4: 2782 daAuts
Vaults:3: 2691 daAuts
  Lair:6: 2587 daAuts
 Crypt:1: 2548 daAuts
   Orc:2: 2450 daAuts
Vaults:5: 2343 daAuts
Depths:4: 2220 daAuts
 Snake:2: 2210 daAuts
